 Dungeon Crawl Stone Soup version 0.29-a0-925-g0a7a3d12f8 (webtiles) character file.

Game seed: 3522354841873034478

27617 enile the Thaumaturge (level 13, -9/70 HPs)
             Began as a Felid Ice Elementalist on July 28, 2022.
             Was the Champion of Okawaru.
             Shot with a bolt by an orc knight (32 damage)
             ... on level 2 of the Orcish Mines.
             The game lasted 01:11:09 (39543 turns).

enile the Thaumaturge (Felid Ice Elementalist)     Turns: 39543, Time: 01:11:09

Health: -9/70      AC:  3    Str:  4    XL:     13   Next: 5%
Magic:  10/30      EV: 24    Int: 20    God:    Okawaru [******]
Gold:   289        SH:  0    Dex: 18    Spells: 13/37 levels left
                                        Lives:  0   Deaths: 4

rFire   . . .      SeeInvis +     - Unarmed
rCold   + + .      Faith    .   (shield unavailable)
rNeg    + . .      Spirit   .   (body armour unavailable)
rPois   .          Reflect  .   (helmet unavailable)
rElec   +          Harm     .   (cloak unavailable)
rCorr   +          Rampage  .   (gloves unavailable)
Will    +....                   (boots unavailable)
Stlth   ++++......              F - amulet of regeneration
HPRegen 1.01/turn               p - ring "Detotw Utepp" {rElec rC+ rN+ rCorr}
MPRegen 0.22/turn               i - ring of wizardry

@: very slightly contaminated, unable to drink, quick
A: very small, claws 1, fangs 3, see invisible, speed 1, shaggy fur 3, stealthy
paws, no weapons or thrown items, no armour, multi-lived, robust 1, wild magic 1
a: Renounce Religion, Heroism, Finesse, Duel


You were on level 2 of the Orcish Mines.
You worshipped Okawaru.
Okawaru was exalted by your worship.
You visited 4 branches of the dungeon, and saw 21 of its levels.
You also visited: Ice Cave.

You collected 2055 gold pieces.
You spent 1766 gold pieces at shops.

Inventory:

Jewellery
 f - a ring of willpower
 i - a ring of wizardry (right paw)
 j - a ring of ice
 n - a ring of wizardry
 p - the ring "Detotw Utepp" (left paw) {rElec rC+ rN+ rCorr}
   (You found it on level 4 of the Dungeon)

   [ring of resist corrosion]

   rC:        It protects you from cold.
   rElec:     It insulates you from electricity.
   rN:        It protects you from negative energy.
   rCorr:     It protects you from acid and corrosion.
 u - a ring of resist corrosion
 v - a ring of ice
 D - a ring of fire
 E - an amulet of guardian spirit
 F - an amulet of regeneration (around neck)
 J - a ring of protection from cold
Wands
 h - a wand of iceblast (5)
 m - a wand of mindburst (4)
 s - a wand of polymorph (4)
 I - a wand of flame (13)
Scrolls
 b - 3 scrolls of teleportation
 c - 3 scrolls of enchant weapon
 d - 2 scrolls of vulnerability
 g - 4 scrolls of enchant armour
 o - 3 scrolls of amnesia
 y - 5 scrolls of identify
 A - a scroll of magic mapping
 B - a scroll of poison
Potions
 a - a potion of brilliance
 e - 8 potions of flight
 k - a potion of lignification
 l - 9 potions of curing
 q - 5 potions of mutation
 t - 3 potions of haste
 w - 2 potions of ambrosia
 x - 2 potions of heal wounds
 C - 3 potions of might {unknown}
Miscellaneous
 z - a piece from Xom's chessboard (14/15)
 H - a phial of floods
 K - a tin of tremorstones (inert)
 L - a phantom mirror
 M - a phantom mirror


   Skills:
 - Level 12.0 Fighting
 - Level 10.0 Dodging
 - Level 7.0 Stealth
 - Level 8.0 Unarmed Combat
 - Level 12.6 Spellcasting
 - Level 3.0 Hexes
 - Level 5.0 Translocations
 + Level 11.9 Ice Magic
 - Level 5.0 Invocations
 - Level 8.0 Evocations


You had 13 spell levels left.
You knew the following spells:

 Your Spells              Type           Power      Damage    Failure   Level
a - Ozocubu's Refrigerat  Ice            34%        4d11      17%         7
b - Frozen Ramparts       Ice            100%       1d12      1%          3
c - Hailstorm             Conj/Ice       47%        3d11      3%          4
d - Confusing Touch       Hex            31%        N/A       3%          3
e - Sublimation of Blood  Necr           16%        N/A       5%          2
f - Passage of Golubria   Tloc           42%        N/A       4%          4
g - Freeze                Ice            100%       1d11      1%          1

Your spell library contained the following spells:

 Spells                   Type           Power      Damage    Failure   Level
 Slow                     Hex            100%       N/A       1%          1
 Gell's Gravitas          Tloc           42%        N/A       1%          3
 Ozocubu's Armour         Ice            68%        N/A       1%          3
 Teleport Other           Tloc           42%        N/A       1%          3
 Necrotise                Necr           64%        1d7       3%          1
 Metabolic Englaciation   Hex/Ice        26%        N/A       4%          5
 Scorch                   Fire           32%        2d7       5%          2
 Ignite Poison            Fire/Tmut/Pois 16%        N/A       9%          3
 Vampiric Draining        Necr           16%        2d7       9%          3
 Leda's Liquefaction      Hex/Erth       12%        N/A       16%         4
 Petrify                  Tmut/Erth      16%        N/A       26%         4
 Yara's Violent Unravell  Hex/Tmut       12%        3d7       38%         5
 Dispersal                Tloc           21%        N/A       45%         6
 Agony                    Necr           16%        N/A       56%         5
 Irradiate                Conj/Tmut      8%         3d14      56%         5
 Starburst                Conj/Fire      8%         6d4       97%         6
 Polar Vortex             Ice            34%        N/A       100%        9
 Portal Projectile        Hex/Tloc       Unusable   N/A       N/A         3
 Tukima's Dance           Hex            Unusable   N/A       N/A         3
 Call Canine Familiar     Summ           Unusable   N/A       N/A         3

Dungeon Overview and Level Annotations

Branches:
Dungeon (13/15)            Temple (1/1) D:6            Lair (5/5) D:9
 Shoals (0/4) Lair:3       Spider (0/4) Lair:2        Slime (0/5) Lair:5
    Orc (2/2) D:12            Elf (0/3) Orc:2         IceCv (visited)
 Vaults: D:13-14

Altars:
Ashenzari
Cheibriados
Dithmenos
Elyvilon
Gozag
Hepliaklqana
Kikubaaqudgha
Makhleb
Nemelex Xobeh
Okawaru
Qazlal
Sif Muna
Trog
Uskayaw
Vehumet
Wu Jian
Xom
Yredelemnul
Zin
The Shining One

Shops:
D:3 ?(   D:4 :   D:5 =   D:11 :   D:12 !   Orc:2 *=[[

Portals:
Hell: Lair:5

Annotations:
D:8 Gastronok
D:9 exclusion: wizard
D:12 3 runed translucent doors, Fuumyij's ghost, journeyman DsGl
Lair:2 exclusion: orb spider
Lair:4 3 runed translucent doors, Aluic's ghost, adept MiBe; Kesmoz's ghost, journeyman MfBe
Lair:5 2 transporters, 1 runed translucent door, exclusion: oklob plant, Yogidamonk's ghost, journeyman MiBe
Orc:1 exclusion: downstairs, Snorg


Innate Abilities, Weirdness & Mutations

You have sharp claws.
You have razor-sharp teeth.
You have supernaturally acute eyesight. (SInv)
You cover ground quickly. (Speed+)
Your thick and shaggy fur keeps you warm. (AC +3, rC+)
Your paws help you pounce on unaware monsters.
You are incapable of wielding weapons or throwing items.
You cannot wear armour.
You gain extra lives every three experience levels.
You are robust. (+10% HP)
Your spells are a little harder to cast, but a little more powerful.


Message History

Confirm with . or Enter, or press ? or * to list all spells.
The heat is drained from your surroundings.
You feel very cold.
The orc warrior is frozen.
You kill the orc warrior!
Okawaru accepts your kill.
You can drink potions again.
Your magical contamination has completely faded away.
Key pressed, stopping explore.
Things that are here:
a +0 arbalest; a +0 broad axe An orc comes into view.
It is wielding a +0 arbalest.
An orc knight comes into view. It is wielding a +0 arbalest.
There are monsters nearby!
There are monsters nearby!
There are monsters nearby!
Casting: Ozocubu's Refrigeration (quite dangerous; 17% risk of failure)
Confirm with . or Enter, or press ? or * to list all spells.
You miscast Ozocubu's Refrigeration.
You are very lightly contaminated with residual magic.
You are caught in an explosion of ice and frost.
You resist.
The orc knight shouts!
The orc shouts!
The orc knight shoots a bolt.
The bolt closely misses you.
Casting: Ozocubu's Refrigeration (quite dangerous; 17% risk of failure)
Confirm with . or Enter, or press ? or * to list all spells.
The heat is drained from your surroundings.
You feel very cold.
The orc knight and the orc are frozen.
The orc knight is heavily wounded.
You kill the orc!
Okawaru accepts your kill.
The orc knight shoots a bolt.
The bolt completely misses you.
The orc knight shoots a bolt.
The bolt hits you!
Casting: Ozocubu's Refrigeration (quite dangerous; 17% risk of failure)
Confirm with . or Enter, or press ? or * to list all spells.
The heat is drained from your surroundings.
You feel very cold.
The orc knight is frozen.
The orc knight is severely wounded.
The orc knight shoots a bolt.
The bolt hits you!!
The orc knight shoots a bolt.
The bolt hits you!!
You die...

.....................c
.##..##...###..c##..##..
........≈≈# #≈≈.........
..[....≈≈≈# ≈≈........
.....≈≈≈≈#### ≈......
...≈≈≈≈####∩## ≈≈≈....
..≈≈≈≈####...####≈≈≈≈...
...........∩............
..)........∩..).@.......
..≈≈≈≈####...####≈≈≈≈.).
...≈≈≈≈####∩### ≈≈≈....
.....≈≈≈≈#####≈≈≈≈......
...[...≈≈≈# #≈≈≈...)[....
........≈≈# #≈≈....).....
.##..##...###...##o)##..#
.................))......
.................).......


You could see an orc knight.

Vanquished Creatures
  Erolcha (D:12)
  8 hydras
  2 boulder beetles (Lair:5)
  Erica (D:11)
  7 two-headed ogres
  2 centaur warriors
  Nergalle (D:11)
  A sixfirhy (Lair:5)
  Pikel (D:5)
  4 deep elf pyromancers
  A wizard (Lair:5)
  3 orc knights (Orc:2)
  2 ugly things
  3 manticores
  8 elephants
  A merfolk siren (Lair:3)
  4 orange demons (Lair:5)
  6 black mambas
  2 torpor snails
  14 cane toads
  Psyche (D:8)
  Joseph (D:7)
  5 rime drakes
  An unseen horror (D:12)
  14 komodo dragons
  2 kobold demonologists
  A tengu conjurer (D:13)
  A hellwing (Arena)
  3 ice devils
  3 trolls
  A merfolk (Lair:3)
  A slime creature (D:13)
  4 polar bears
  16 blink frogs
  4 dream sheep (Lair:5)
  A culicivora (shapeshifter) (D:13)
  3 shadows
  A vampire (D:10)
  3 wraiths
  A dire elephant simulacrum (IceCv)
  A wyvern (Lair:2)
  Eustachio (D:5)
  29 yaks
  3 steam dragons
  2 basilisks
  3 vampire mosquitoes
  A death yak simulacrum (IceCv)
  22 water moccasins
  An acid dragon (D:12)
  4 hell hounds (Lair:5)
  3 sky beasts
  27 orc warriors
  5 ogres
  8 wolves (Lair:1)
  18 centaurs
  3 lemures (D:5)
  8 kobold brigands
  9 bullfrogs
  2 two-headed ogre simulacra (IceCv)
  A necrophage (D:7)
  2 gnoll sergeants
  2 scorpions (D:5)
  23 wights
  2 elephant simulacra (IceCv)
  16 killer bees
  3 electric eels
  7 orc priests
  3 hounds
  A jelly (D:4)
  A gnoll bouda (D:8)
  3 iguanas
  20 orc wizards
  3 spriggan simulacra (IceCv)
  A polar bear simulacrum (Lair:1)
  4 troll simulacra (IceCv)
  A wolf simulacrum (IceCv)
  16 gnolls
  7 adders
  5 white imps
  3 ufetubi
  2 worms
  4 dart slugs
  70 orcs
  12 ball pythons
  4 bats
  6 endoplasms
  7 giant cockroaches
  9 goblins
  12 hobgoblins
  4 quokkas
  8 frilled lizards
  25 kobolds
  7 rats
583 creatures vanquished.

Vanquished Creatures (others)
  62 fungi
  103 plants
  8 withered plants
173 creatures vanquished.

Grand Total: 756 creatures vanquished

Notes
Turn   | Place    | Note
-------+----------+-------------------------------------------
     0 | D:1      | enile the Felid Ice Elementalist began the quest for the
                  | Orb.
     0 | D:1      | Reached XP level 1. HP: 7/7 MP: 4/4
   173 | D:1      | Reached XP level 2. HP: 11/11 MP: 3/6
  1127 | D:2      | Reached XP level 3. HP: 14/14 MP: 7/7
  1224 | D:2      | Learned a level 3 spell: Frozen Ramparts
  1270 | D:2      | Reached skill level 5 in Ice Magic
  1443 | D:2      | Reached XP level 4. HP: 18/18 MP: 8/8
  1516 | D:2      | Reached skill level 1 in Fighting
  1534 | D:2      | Found a faded altar of an unknown god.
  1547 | D:2      | Prayed at the altar of an unknown god.
  1547 | D:2      | Became a worshipper of Warmaster Okawaru
  1547 | D:2      | Reached * piety under Okawaru
  2153 | D:3      | Reached XP level 5. HP: 20/22 MP: 1/10
  2260 | D:3      | Found Hilloeto's Antique Weapon Emporium.
  2663 | D:3      | Found Agoxtos's Magic Scroll Shoppe.
  2683 | D:3      | Bought a scroll of fear for 56 gold pieces
  2683 | D:3      | Bought a scroll of fog for 56 gold pieces
  2683 | D:3      | Bought a scroll of amnesia for 56 gold pieces
  3173 | D:4      | Reached skill level 1 in Unarmed Combat
  3283 | D:4      | Identified the ring "Detotw Utepp" {rElec rC+ rN+ rCorr}
  3572 | D:4      | Gained mutation: You are covered in thick fur. (AC +2)
                  | [Felid growth]
  3572 | D:4      | Reached XP level 6. HP: 24/26 MP: 9/13
  3736 | D:4      | Found a glowing golden altar of the Shining One.
  3736 | D:4      | Found an ancient bone altar of Kikubaaqudgha.
  3736 | D:4      | Found a shimmering blue altar of Sif Muna.
  3738 | D:4      | Found a radiant altar of Vehumet.
  3738 | D:4      | Found a sparkling altar of Nemelex Xobeh.
  3738 | D:4      | Found an iron altar of Okawaru.
  3740 | D:4      | Found a bloodstained altar of Trog.
  3740 | D:4      | Found a burning altar of Makhleb.
  3740 | D:4      | Found a hazy altar of Hepliaklqana.
  3770 | D:4      | Found Karuesh's Self-Improvement Boutique.
  4136 | D:5      | Entered Level 5 of the Dungeon
  4679 | D:5      | Noticed Pikel
  4698 | D:5      | Killed Pikel
  4698 | D:5      | Reached ** piety under Okawaru
  4699 | D:5      | Reached XP level 7. HP: 12/32 MP: 5/14
  4718 | D:5      | Gained mutation: You are robust. (+10% HP) [potion of
                  | mutation]
  4718 | D:5      | Gained mutation: Your spells are a little harder to cast,
                  | but a little more powerful. [potion of mutation]
  4718 | D:5      | Reached *** piety under Okawaru
  5269 | D:5      | Noticed Eustachio
  5275 | D:5      | Killed Eustachio
  5276 | D:5      | Reached skill level 5 in Spellcasting
  5276 | D:5      | Reached XP level 8. HP: 39/39 MP: 9/17
  5525 | D:5      | Found Ejith's Jewellery Shop.
  5542 | D:5      | Found a hide-covered altar of Uskayaw.
  5592 | D:5      | Found an opulent altar of Gozag.
  5760 | D:5      | Reached skill level 5 in Stealth
  6072 | D:6      | Identified the +9 long sword of Infinite Pain {freeze,
                  | rPois Str-5 Int+2 SInv}
  6259 | D:6      | Found a staircase to the Ecumenical Temple.
  6937 | D:6      | Learned a level 4 spell: Hailstorm
  7131 | Temple   | Entered the Ecumenical Temple
  8020 | D:6      | Reached XP level 9. HP: 41/42 MP: 6/19
  8426 | D:7      | HP: 2/42 [centaur/arrow (5)]
  8870 | D:6      | Reached **** piety under Okawaru
  8946 | D:6      | Reached skill level 5 in Fighting
  9636 | D:7      | Noticed Joseph
  9926 | D:7      | Killed Joseph
 10163 | D:8      | Found a snail-covered altar of Cheibriados.
 10678 | D:7      | Found a shadowy altar of Dithmenos.
 11069 | D:7      | Reached XP level 10. HP: 38/46 MP: 11/23
 11354 | D:7      | Reached skill level 5 in Unarmed Combat
 11601 | D:7      | Found a broken altar of Ashenzari.
 12144 | D:8      | Noticed Gastronok
 12561 | D:8      | Identified the +8 short sword "Jellybane" {drain, Str+4}
 12715 | D:8      | Noticed Psyche
 12722 | D:8      | Killed Psyche
 14053 | D:9      | Found a staircase to the Lair.
 14143 | D:9      | Noticed a two-headed ogre
 14181 | D:9      | Killed a two-headed ogre
 14316 | D:9      | Reached ***** piety under Okawaru
 14428 | D:9      | Reached skill level 5 in Evocations
 15012 | D:9      | Reached XP level 11. HP: 49/52 MP: 17/25
 15125 | D:9      | Noticed a wizard
 15315 | D:10     | Entered Level 10 of the Dungeon
 15917 | D:10     | Noticed a two-headed ogre
 16254 | D:10     | Killed a two-headed ogre
 16255 | D:10     | Reached skill level 10 in Spellcasting
 17239 | D:11     | Noticed a green ugly thing
 17292 | Lair:1   | Entered Level 1 of the Lair of Beasts
 17306 | Lair:1   | Found a frozen archway.
 17631 | IceCv    | Entered an ice cave
 19436 | IceCv    | Learned a level 3 spell: Confusing Touch
 19717 | IceCv    | Noticed a reaper
 20517 | Lair:1   | Mangled by a komodo dragon
 20518 | Lair:1   | Reached XP level 10. HP: -6/49 MP: 16/25
 21550 | Lair:1   | Reached ****** piety under Okawaru
 21835 | Lair:1   | Reached XP level 11. HP: 55/55 MP: 19/26
 22218 | Lair:2   | Learned a level 2 spell: Sublimation of Blood
 22471 | Lair:2   | HP: 2/58 [poisoned by a water moccasin]
 22471 | Lair:2   | Slain by a water moccasin
 22472 | Lair:2   | Reached XP level 10. HP: -3/53 MP: 6/25
 22601 | Lair:1   | Killed an elephant
 22804 | Lair:1   | Reached skill level 10 in Fighting
 23189 | Lair:2   | Noticed a four-headed hydra
 23203 | Lair:2   | Killed a four-headed hydra
 23339 | Lair:2   | Reached XP level 11. HP: 59/59 MP: 26/26
 23920 | Lair:2   | Found a hole to the Spider Nest.
 23920 | Lair:2   | Noticed an orb spider
 23988 | Lair:2   | Reached skill level 10 in Dodging
 24750 | Lair:3   | Noticed a six-headed hydra
 24758 | Lair:3   | Killed a six-headed hydra
 25240 | Lair:3   | Found a staircase to the Shoals.
 25427 | Lair:4   | Found a runed translucent gate.
 25427 | Lair:4   | Found a runed translucent gate.
 25427 | Lair:4   | Found a runed translucent gate.
 25427 | Lair:4   | Noticed Kesmoz's ghost (journeyman MfBe)
 25428 | Lair:4   | Noticed Aluic's ghost (adept MiBe)
 25482 | Lair:4   | Noticed a five-headed hydra
 25836 | Lair:4   | Killed a five-headed hydra
 26743 | Lair:4   | Noticed a seven-headed hydra
 26757 | Lair:4   | Killed a seven-headed hydra
 26758 | Lair:4   | Gained mutation: Your thick and shaggy fur keeps you warm.
                  | (AC +3, rC+) [Felid growth]
 26758 | Lair:4   | Reached XP level 12. HP: 63/63 MP: 10/28
 27295 | Lair:4   | Found the +8 whip "Snakebite" {venom, curare, rPois}
 27618 | Lair:5   | Entered Level 5 of the Lair of Beasts
 27666 | Lair:5   | Noticed a five-headed hydra
 27869 | Lair:4   | Mangled by a cane toad
 27870 | Lair:4   | Reached XP level 11. HP: -6/59 MP: 20/27
 28115 | Lair:5   | Found a transporter.
 28115 | Lair:5   | Found a transporter.
 28115 | Lair:5   | Noticed Yogidamonk's ghost (journeyman MiBe)
 28203 | Lair:5   | Killed a five-headed hydra
 28361 | Lair:5   | Noticed an eight-headed hydra
 28369 | Lair:5   | Killed an eight-headed hydra
 28953 | Lair:5   | Reached XP level 12. HP: 59/66 MP: 16/29
 29025 | Lair:5   | Identified the +9 long sword of Skirmishing {antimagic,
                  | rPois Str+5 Int+4}
 29281 | Lair:5   | Noticed a five-headed hydra
 29302 | Lair:5   | Killed a five-headed hydra
 29606 | Lair:5   | Found a burning altar of Makhleb.
 29628 | Lair:5   | Reached skill level 5 in Invocations
 29985 | Lair:5   | Noticed a boulder beetle
 30092 | Lair:5   | Killed a boulder beetle
 30255 | Lair:5   | Noticed a boulder beetle
 30284 | Lair:5   | Killed a boulder beetle
 30438 | Lair:5   | Noticed a death yak
 30447 | Lair:5   | Identified a scroll of acquirement
 30447 | Lair:5   | Acquired Great Wizards, Vol. VII
 30930 | Lair:4   | Learned a level 4 spell: Passage of Golubria
 30940 | Lair:5   | Reached skill level 1 in Translocations
 31165 | Arena    | Entered the Arena
 31456 | Lair:5   | Found a runed translucent door.
 31456 | Lair:5   | Noticed an acid blob
 31458 | Lair:5   | Found a staircase to the Slime Pits.
 31707 | Lair:5   | Found a gateway to Hell.
 32146 | D:11     | Noticed Nergalle
 32159 | D:11     | Killed Nergalle
 32191 | D:11     | Noticed Erica
 32384 | D:11     | Found Fuqoeti's Tremendous Tomes.
 32636 | D:11     | Noticed a boulder beetle
 32982 | D:11     | Killed Erica
 32983 | D:11     | Reached skill level 5 in Translocations
 33134 | D:11     | Reached XP level 13. HP: 70/70 MP: 18/30
 33794 | D:12     | Found Mof Goc's Distillery.
 34044 | D:12     | Found a staircase to the Orcish Mines.
 34060 | D:12     | Found a large runed translucent door.
 34070 | D:12     | Found a large runed translucent door.
 34642 | D:12     | Noticed Erolcha
 34657 | D:12     | Killed Erolcha
 35027 | D:12     | Found a runed translucent door.
 35027 | D:12     | Noticed Fuumyij's ghost (journeyman DsGl)
 35224 | Orc:1    | Entered Level 1 of the Orcish Mines
 35496 | Orc:2    | Entered Level 2 of the Orcish Mines
 35748 | Orc:1    | Reached skill level 10 in Ice Magic
 35839 | Orc:2    | Found a staircase to the Elven Halls.
 37350 | D:13     | Identified the ring of the Tormentor {rPois Will+}
 37369 | D:13     | Noticed a cyan very ugly thing
 37561 | D:11     | Bought the Monograph on Burning Hypothermia for 1598 gold
                  | pieces
 37569 | D:11     | Learned a level 7 spell: Ozocubu's Refrigeration
 37866 | Orc:2    | Shot with an arrow by a centaur warrior
 37867 | Orc:2    | Reached XP level 12. HP: -3/67 MP: 23/29
 37881 | Orc:2    | Killed a centaur warrior
 38590 | Orc:1    | Noticed Snorg
 38786 | Orc:2    | Reached XP level 13. HP: 14/70 MP: 6/30
 39352 | Orc:2    | Found Lyfuh's Jewellery Shop.
 39352 | Orc:2    | Found Etof's Antique Armour Shoppe.
 39354 | Orc:2    | Found Bipruac's Antique Armour Emporium.
 39356 | Orc:2    | Found Cottan's General Store.
 39543 | Orc:2    | Shot with a bolt by an orc knight

Illustrated notes

Levels and vault maps discovered:
D:1:      dpeg_arrival_rooms_b, layout_basic, roderic_lattice_a
D:2:      layout_loops_cross, ebering_ecumenical_altar_sacrificial
D:3:      layout_rooms, serial_shops, nicolae_square_shop, nicolae_shop_stone
D:4:      layout_loops_ring, nicolae_overflows_in_rows, minmay_parallelograms,
          nicolae_shop_self_help
D:5:      layout_loops_ring, mainiacjoe_overflow_alcove_2,
          nicolae_gozag_seed_capital, serial_shops, shop_fountains,
          uniq_eustachio, uniq_pikel
D:6:      corexii_shack_village, layout_loops_ring,
          minmay_temple_entry_antechambers
D:7:      layout_cave_pools, mainiacjoe_overflow_swirl, serial_park_tiny_2,
          uniq_joseph
D:8:      kennysheep_housing_project, layout_loops_ring, kennysheep_slug_shrine,
          gammafunk_ghost_cemetery, uniq_gastronok, uniq_psyche
D:9:      layout_roguey, david_lair_shrubbed, lightli_wizard_tower
D:10:     layout_gridville
D:11:     layout_cave_pods, nicolae_shop_i_like_big_books, uniq_nergalle,
          uniq_erica
D:12:     okawaru_arena_lexackson, layout_small_grid, orc_0_dummy,
          gammafunk_ghost_grave, serial_shops, shop, uniq_erolcha
D:13:     minmay_the_grid_triangle_9x9_rhombus_full_mashed
          [minmay_the_grid_triangle_9x9_negative_grid,
          minmay_the_grid_triangle_9x9_odd_lines,
          minmay_the_grid_triangle_9x9_wacky_v,
          minmay_the_grid_triangle_9x9_dagger,
          minmay_the_grid_triangle_9x9_skeleton,
          minmay_the_grid_triangle_9x9_corrupted_corridor,
          minmay_the_grid_triangle_9x9_pentomino_pain,
          minmay_the_grid_triangle_9x9_prize_insulated], layout_basic,
          sword_in_stone
Temple:   nicolae_temple_two_arcs
Lair:1:   layout_long_grid, portal_ice_cave_entry_ice_simulacra,
          beast_lair_carwin_10, serial_bayou_shore_b, serial_bayou_shore_a
Lair:2:   layout_loops_ring, nicolae_spider_entry_orb_guardian, minivault_25,
          pond, lemuel_fruit_fields, serial_bayou_shore_b, grunt_megastairs_4,
          infiniplex_staircase_pool_2
Lair:3:   layout_long_grid, elwin_shoals_entry_rooms, grunt_megastairs_3
Lair:4:   minmay_guarded_unrand_snakebite, layout_gridlike,
          gammafunk_ghost_cemetery
Lair:5:   evil_forest, layout_gridlike, slime_entry_2, gammafunk_ghost_hive,
          minmay_lair_oklob_bushes, nicolae_quartered_pool_medium,
          dreamdust_mushroom_princess
Orc:1:    layout_caves, uniq_snorg
Orc:2:    st_orc_rangers, layout_caves, mines2_david

Skill      XL: |  1  2  3  4  5  6  7  8  9 10 11 12 13 |
---------------+----------------------------------------+-----
Ice Magic      | 4 5 7 8 11 | 11.9
Fighting       | 2 4 6 10 11 12 | 12.0
Spellcasting   | 4 5 6 8 9 12 | 12.6
Unarmed Combat | 1 3 4 8 7 |  8.0
Dodging        | 6 7 10 | 10.0
Stealth        | 5 7 |  7.0
Invocations    | 2 3 5 |  5.0
Evocations     | 7 8 |  8.0
Hexes          | 3 |  3.0
Translocations | 5 |  5.0

Action                   |  1- 3 |  4- 6 |  7- 9 | 10-12 | 13-15 || total
-------------------------+-------+-------+-------+-------+-------++-------
Melee: Unarmed           |    37 |   125 |   122 |   452 |   118 ||   854
       Bite              |     4 |    15 |    15 |    80 |    19 ||   133
       Punch             |       |     1 |     5 |    36 |     9 ||    51
 Cast: Freeze            |    27 |    48 |    63 |   249 |    15 ||   402
       Frozen Ramparts   |     3 |    11 |    16 |    94 |    20 ||   144
       Hailstorm         |       |       |    53 |   248 |    91 ||   392
       Confusing Touch   |       |       |       |    12 |     3 ||    15
       Sublimation of Bl |       |       |       |     3 |       ||     3
       Ozocubu's Refrige |       |       |       |    17 |    15 ||    32
       Passage of Golubr |       |       |       |       |     1 ||     1
Invok: Heroism           |       |     1 |     6 |    22 |     3 ||    32
       Duel              |       |       |       |     1 |       ||     1
Evoke: Wand              |       |       |       |    21 |     1 ||    22
       Phial of floods   |       |       |       |     2 |     1 ||     3
       Piece from Xom's  |       |       |       |    12 |     2 ||    14
       Tin of tremorston |       |       |       |     3 |     1 ||     4
  Use: Scroll            |     1 |     3 |     8 |    17 |     2 ||    31
       Potion            |       |       |    12 |     4 |     1 ||    17
 Stab: Sleeping          |     9 |     8 |     6 |    15 |     3 ||    41
       Invisible         |       |       |       |     1 |       ||     1
       Confused          |       |       |       |     4 |       ||     4
Armor: Skin              |     3 |     7 |    15 |    28 |     8 ||    61
Dodge: Dodged            |    41 |   129 |   176 |   749 |   196 ||  1291

Table legend: (Time is in decaauts)
 A = Elapsed time spent in this place.
 B = Non-inter-level travel time spent in this place.
 C = Inter-level travel time spent in this place.
 D = Time resting spent in this place.
 E = Time spent auto-exploring this place.
 F = Levels seen in this place.
 G = Mean time per level.
                   A        B        C        D        E       F      G
               +--------+--------+--------+--------+--------+-----+--------+
         Total |  36518 |  35064 |   1454 |   5621 |  23548 |  23 | 1587.7 |
       Dungeon |  19942 |  18995 |    947 |   2572 |  13316 |  13 | 1534.0 |
        Temple |    124 |    122 |      2 |      0 |    121 |   1 |  124.0 |
          Lair |  11661 |  11212 |    449 |   1769 |   7679 |   5 | 2332.2 |
  Orcish Mines |   2747 |   2693 |     54 |    477 |   1652 |   2 | 1373.5 |
      Ice Cave |   2017 |   2017 |      0 |    793 |    775 |   1 | 2017.0 |
         Arena |     25 |     25 |      0 |      8 |      4 |   1 |   25.0 |
               +--------+--------+--------+--------+--------+-----+--------+

Top non-repeatable levels by time:
     D:6: 3218 daAuts
  Lair:1: 3172 daAuts
  Lair:5: 3167 daAuts
  Lair:4: 2740 daAuts
     D:7: 2233 daAuts
   IceCv: 2017 daAuts
    D:12: 1912 daAuts
   Orc:2: 1873 daAuts
    D:10: 1831 daAuts
     D:8: 1699 daAuts
  Lair:2: 1654 daAuts
     D:4: 1576 daAuts
     D:9: 1485 daAuts
     D:5: 1371 daAuts
    D:11: 1297 daAuts
